 Dungeon Crawl Stone Soup version 0.31-a0-848-gaac375c287 (webtiles) character file.

Game seed: 16516196721287354801

21 Flugkiller the Ruffian (level 2, -2/20 HPs)
             Began as an Octopode Shapeshifter on Oct 5, 2023.
             Frozen to death by an endoplasm (4 damage)
             ... on level 1 of the Dungeon.
             The game lasted 00:00:35 (531 turns).

Flugkiller the Ruffian (Octopode Shapeshifter)       Turns: 531, Time: 00:00:35

Health: -2/20      AC:  1    Str: 13    XL:     2   Next: 87%
Magic:  2/2        EV: 13    Int: 12    God:
Gold:   76         SH:  0    Dex: 11    Spells: 1/1 levels left

rFire   . .          .
                       - Unarmed
rCold   . . .        (no shield)
rNeg    . . .        (helmet currently unavailable)
rPois   .            (no amulet)
rElec   .            (no ring)
rCorr   .            (no ring)
SInv    .            (no ring)
Will    .....        (no ring)
Stlth   ++           (no ring)
HPRegen 0.23/turn    (no ring)
MPRegen 0.08/turn    (no ring)
                     (no ring)

%: no passive effects
@: beast-form
A: beast (slay +1), almost no armour, amphibious, 8 rings, camouflage 1,
gelatinous body 1, (nimble swimmer 1), tentacles
a: Begin Untransformation


You were on level 1 of the Dungeon.
You were a hulking beast.
You visited 1 branch of the dungeon, and saw 2 of its levels.

You collected 76 gold pieces.

Inventory:

Jewellery
 e - an amulet of guardian spirit
   (You found it on level 2 of the Dungeon)
Talismans
 b - a beast talisman (active)
 c - a flux talisman
Scrolls
 d - a scroll of identify {unknown}
Potions
 a - a potion of lignification
 f - a potion of curing {unknown}


   Skills:
 + Level 2.7 Fighting
 - Level 2.0 Dodging
 - Level 3.0 Unarmed Combat
 - Level 3.0 Shapeshifting


You had one spell level left.
You didn't know any spells.
Your spell library contained the following spells:

 Spells                   Type           Power      Damage    Failure   Level
 Slow                     Hex            0%         N/A       32%         1
 Confusing Touch          Hex            0%         N/A       69%         3
 Sigil of Binding         Hex            0%         N/A       69%         3
 Stone Arrow              Conj/Erth      0%         3d7       69%         3
 Vampiric Draining        Necr           0%         2d6       69%         3
 Lehudib's Crystal Spear  Conj/Erth      0%         10d2      100%        8
 Animate Armour           Summ/Erth      Unusable   N/A       N/A         4

Dungeon Overview and Level Annotations

Branches:
Dungeon (2/15) Zot: 11470

Altars:


Innate Abilities, Weirdness & Mutations

You are a hulking beast.
Your limbs bulge with bestial killing power. (Slay +1)
You cannot wear most types of armour.
You are amphibious.
You can wear up to eight rings at the same time.
Your skin changes colour to match your surroundings (Stealth+).
Your rubbery body absorbs attacks. (AC +1, EV +1)
((You are camouflaged when in or above water. (Stealth+)))
You have tentacles for arms and can constrict up to eight enemies at once.


Message History

You start resting.
HP restored.
You pick up a book of Debilitation and begin reading...
You add the spells Slow, Sigil of Binding, Vampiric Draining and Confusing Touch to your library.
A giant cockroach comes into view.
A giant cockroach is nearby!
The giant cockroach barely misses you.
You closely miss the giant cockroach. Your grab misses the giant cockroach.
The giant cockroach closely misses you. The giant cockroach bites you.
You barely miss the giant cockroach. Your grab misses the giant cockroach.
The giant cockroach barely misses you.
You tentacle-slap the giant cockroach but do no damage.
You grab the giant cockroach.
You constrict the giant cockroach, but do no damage.
The giant cockroach misses you.
A giant cockroach is nearby!
You barely miss the giant cockroach.
You constrict the giant cockroach, but do no damage.
The giant cockroach bites you.
A giant cockroach is nearby!
You tentacle-slap the giant cockroach. You squeeze the giant cockroach.
You kill the giant cockroach!
No target in view!
You now have 65 gold pieces (gained 13).
You now have 76 gold pieces (gained 11).
A rat comes into view.
A rat is nearby!
A rat is nearby!
A bat comes into view.
Found a club.
The rat bites you.
You tentacle-slap the rat but do no damage.
Your grab misses the rat.
Your tentacle-slap misses the rat.
Your squeeze misses the rat. The rat closely misses you.
You tentacle-slap the rat.
You kill the rat!
The bat barely misses you. The bat misses you. The bat hits you.
A hobgoblin comes into view.
The bat barely misses you.
You barely miss the bat. Your grab misses the bat. You squeeze the bat.
You kill the bat!
The hobgoblin shouts!
A hobgoblin is nearby!
You closely miss the hobgoblin. Your grab misses the hobgoblin.
The hobgoblin hits you.
You tentacle-slap the hobgoblin but do no damage.
You grab the hobgoblin. You constrict the hobgoblin. The hobgoblin hits you.
You tentacle-slap the hobgoblin.
The hobgoblin is almost dead.
You constrict the hobgoblin.
You kill the hobgoblin!
You start resting.
HP restored.
You pick up a book of Armaments and begin reading...
You add the spells Stone Arrow and Lehudib's Crystal Spear to your library.
A goblin comes into view. It is wielding a +0 club.
The goblin shouts!
A goblin is nearby!
No target in view!
No target in view!
You bludgeon the goblin!
You kill the goblin!
No target in view!
You see here a +0 club.
Found a stone staircase leading down.
A dart slug and an endoplasm come into view.
There are monsters nearby!
A dart slug comes into view.
Found a scroll labelled ZERCHA OLUSMAP.
The dart slug misses you.
You tentacle-slap the dart slug. You grab the dart slug.
The dart slug is moderately wounded.
You constrict the dart slug.
The endoplasm quivers.
The dart slug launches a dart at you. The slug dart hits you.
You tentacle-slap the dart slug.
You kill the dart slug!
The endoplasm freezes you.
You are frozen.
You are too injured to fight recklessly!
You are too injured to fight recklessly!
You bludgeon the dart slug! You grab the dart slug.
The dart slug is severely wounded.
You constrict the dart slug. The endoplasm freezes you.
You are frozen.
The dart slug launches a dart at you. The slug dart hits you.
* * * LOW HITPOINT WARNING * * *
You tentacle-slap the dart slug.
You kill the dart slug!
The endoplasm freezes you.
You are frozen.
* * * LOW HITPOINT WARNING * * *
You tentacle-slap the endoplasm.
The endoplasm is almost dead.
The endoplasm freezes you.
You are frozen.
You die...

##########
#........#
#........#
##.$?.....#
#........?#
#.....J...#
#.....h...#
#.........#
#............. . #
#.############ .#
#.# #.#......# .# ..
#.#......# .#
#.##........#
.#######.#.)#.>....#
.#...(......#......#


You could see an endoplasm.

Vanquished Creatures
  2 dart slugs (D:1)
  A giant cockroach (D:1)
  3 goblins (D:1)
  2 hobgoblins (D:1)
  2 jackals (D:2)
  3 ball pythons
  A bat (D:1)
  A frilled lizard (D:1)
  2 rats (D:1)
17 creatures vanquished.

Notes
Turn   | Place    | Note
-------+----------+-------------------------------------------
     0 | D:1      | Flugkiller the Octopode Shapeshifter began the quest for
                  | the Orb.
     0 | D:1      | Reached XP level 1. HP: 13/13 MP: 1/1
    71 | D:1      | You fall into a shaft and drop 1 floor!
   171 | D:2      | Reached XP level 2. HP: 19/19 MP: 2/2
   531 | D:1      | Frozen to death by an endoplasm

Illustrated notes

Levels and vault maps discovered:
D:1:      matt_arrival_grand_opening, layout_rooms
D:2:      cheibrodos_fertilizer, layout_basic

Skill      XL: |  1 |
---------------+----+-----
Fighting       | 2 |  2.7
Dodging        | |  2.0
Unarmed Combat | |  3.0
Shapeshifting  | |  3.0

Action                     || total
---------------------------++-------
  Melee: Unarmed           ||    35
         Constrict         ||     8
         Tentacles         ||     3
   Stab: Sleeping          ||     1
 Armour: Skin              ||    19
  Dodge: Dodged            ||    18

Table legend: (Time is in decaauts)
 A = Elapsed time spent in this place.
 B = Non-inter-level travel time spent in this place.
 C = Inter-level travel time spent in this place.
 D = Time resting spent in this place.
 E = Time spent auto-exploring this place.
 F = Levels seen in this place.
 G = Mean time per level.
                   A        B        C        D        E       F      G
               +--------+--------+--------+--------+--------+-----+--------+
         Total |    528 |    528 |      0 |    100 |    314 |   2 |  264.0 |
       Dungeon |    528 |    528 |      0 |    100 |    314 |   2 |  264.0 |
               +--------+--------+--------+--------+--------+-----+--------+

Top non-repeatable levels by time:
     D:2: 293 daAuts
     D:1: 235 daAuts
